 Dungeon Crawl Stone Soup version 0.23.0 (webtiles) character file.

Game seed: 10432769269798038818

154 vishdafish the Skirmisher (level 5, -1/42 HPs)
             Began as a Formicid Abyssal Knight on Feb 15, 2019.
             Was a Believer of Lugonu.
             Slain by Grinder (7 damage)
             ... on level 3 of the Dungeon.
             The game lasted 00:04:05 (2771 turns).

vishdafish the Skirmisher (Formicid Abyssal Knight) Turns: 2771, Time: 00:04:06

Health: -1/42      AC:  4    Str: 13 (16) XL:     5   Next: 63%
Magic:  7/7        EV: 11    Int: 17 (18) God:    Lugonu [**....]
Gold:   150        SH:  0    Dex:  8 (10) Spells: 4/4 levels left

rFire    + . .     SeeInvis +   a - +1 hand axe
rCold    + . .     Gourm    +   (no shield)
rNeg     . . .     Faith    .   b - +0 leather armour
rPois    +         Spirit   .   (helmet unavailable)
rElec    +         Reflect  .   (no cloak)
rCorr    +         Harm     .   (no gloves)
MR       .....                  r - +0 pair of boots
Stlth    +.........             n - amulet of the gourmand
HPRegen  0.14/turn              (no ring)
MPRegen  0.10/turn              (no ring)

@: brilliant, resistant (expiring), flying (expiring)
A: permanent stasis, dig shafts and tunnels, four strong arms, antennae 3
a: Dig, Shaft Self, Depart the Abyss, Bend Space, Renounce Religion


You were on level 3 of the Dungeon.
You worshipped Lugonu.
Lugonu was pleased with you.
You were very hungry.

You visited 1 branch of the dungeon, and saw 3 of its levels.
You visited the Abyss 1 time.

You collected 150 gold pieces.

Inventory:

Hand Weapons
 a - a +1 hand axe (weapon)
Missiles
 i - 36 bolts
Armour
 b - a +0 leather armour (worn)
 r - a +0 pair of boots (worn)
Jewellery
 n - an amulet of the gourmand (around neck)
Scrolls
 d - 3 scrolls of teleportation
 f - a scroll of fog
 g - a scroll of amnesia {unknown}
 j - 4 scrolls of remove curse {unknown}
 k - 4 scrolls of identify {unknown}
 m - a scroll of immolation {unknown}
 s - a scroll of fear {unknown}
 t - a scroll of random uselessness {unknown}
Comestibles
 c - 6 rations


   Skills:
 + Level 4.0 Fighting
 * Level 3.5 Axes
 + Level 3.1 Armour
 + Level 1.8 Dodging
 + Level 3.2 Invocations


You had 4 spell levels left.
You didn't know any spells.
Your spell library was empty.

Dungeon Overview and Level Annotations

Branches:
Dungeon (3/15)

Altars:
Ashenzari
Nemelex Xobeh
Qazlal
Uskayaw

Annotations:
D:3 Grinder


Innate Abilities, Weirdness & Mutations

You cannot be hasted, slowed, berserked, paralysed or teleported.
You can dig through walls and to a lower floor.
Your four strong arms can wield two-handed weapons with a shield.
You have a pair of large antennae on your head. (SInv)


Message History

You are too injured to fight recklessly!
You are too injured to fight recklessly!
As you read the scroll labeled RUUJIN XUAR, it crumbles to dust.
The scroll dissolves into smoke.
It was a scroll of fog.
You start to feel less resistant.
Grinder hits you but does no damage.
As you read the scroll labeled LISISS WYTEEGGISU, it crumbles to dust.
You feel a strange sense of stasis.
It was a scroll of teleportation.
Grinder hits you.
You hit Grinder.
Grinder is heavily wounded.
Grinder says, "FISH!"
Grinder closely misses you.
You barely miss Grinder.
Grinder is heavily wounded.
You are starting to lose your buoyancy.
Grinder hits you!
* * * LOW HITPOINT WARNING * * *
Grinder hits you!
You die...

# # ## { # ... #
.#. # ._ #### #
#.## # #..#### §§#
#. #.#... #5#
###.##.#.## #@#
......#... #§#
##.#..#### #§#
#........ #.#
###.##### #.#
#.......
#.#########.######
#...........#
#############


You could see Grinder.

Vanquished Creatures
  6 adders
  4 worms
  A dart slug (D:1)
  3 leopard geckos
  An orc (D:3)
  2 ball pythons
  13 bats
  14 giant cockroaches (D:2)
  4 goblins
  6 hobgoblins
  4 jackals (D:1)
  2 quokkas
  3 frilled lizards
  7 kobolds
  9 rats
79 creatures vanquished.

Notes
Turn   | Place    | Note
-------+----------+-------------------------------------------
     0 | Abyss:1  | vishdafish the Formicid Abyssal Knight began the quest for
                  | the Orb.
     0 | Abyss:1  | Reached XP level 1. HP: 18/18 MP: 2/2
     0 | D:1      | Escaped the Abyss
    32 | D:1      | Reached skill level 1 in Dodging
    34 | D:1      | Reached XP level 2. HP: 14/24 MP: 3/3
    45 | D:1      | Reached * piety under Lugonu
   158 | D:1      | Reached XP level 3. HP: 21/29 MP: 4/4
   739 | D:2      | Reached XP level 4. HP: 24/36 MP: 4/6
   862 | D:2      | Reached ** piety under Lugonu
  1155 | D:2      | Found a hide-covered altar of Uskayaw.
  1450 | D:2      | Found a stormy altar of Qazlal.
  1511 | D:2      | Found a sparkling altar of Nemelex Xobeh.
  1558 | D:2      | Reached XP level 5. HP: 42/42 MP: 7/7
  2638 | D:3      | Reached skill level 4 in Fighting
  2732 | D:3      | Noticed Grinder
  2751 | D:3      | Found a shattered altar of Ashenzari.
  2771 | D:3      | Slain by Grinder

Skill      XL: |  1  2  3  4  5 |
---------------+----------------+-----
Dodging        | 1 |  1.8
Axes           | 3 |  3.5
Invocations    | 3 |  3.2
Armour         | 3 |  3.1
Fighting       | 4 |  4.0

Action                   |  1- 3 |  4- 6 || total
-------------------------+-------+-------++-------
Melee: Hand axe          |    60 |   197 ||   257
Invok: Depart the Abyss  |     1 |       ||     1
  Use: Potion            |       |     9 ||     9
       Scroll            |       |     2 ||     2
 Stab: Sleeping          |       |     1 ||     1
  Eat: Chunk             |       |     5 ||     5
Armor: Leather armour    |    25 |    53 ||    78
       Skin              |       |     8 ||     8
Dodge: Dodged            |    54 |   119 ||   173
